 Dungeon Crawl Stone Soup version 0.28.0 (webtiles) character file.

Game seed: 2166302875324516588

2408 cbfl8 the Cruncher (level 9, 0/78 HPs)
             Began as a Minotaur Berserker on Feb 6, 2022.
             Was a Priest of Trog.
             Slain by a wyvern (12 damage)
             ... on level 7 of the Dungeon.
             The game lasted 00:10:57 (8036 turns).

cbfl8 the Cruncher (Minotaur Berserker)             Turns: 8036, Time: 00:10:58

Health: 0/78       AC: 14    Str: 23    XL:     9   Next: 23%
Magic:  8/8        EV: 11    Int:  6    God:    Trog [***...]
Gold:   314        SH:  0    Dex: 11    Spells: 8/8 levels left

rFire   . . .      SeeInvis .   p - +2 quarterstaff (chaos)
rCold   . . .      Faith    .   (shield currently unavailable)
rNeg    + . .      Spirit   .   k - +0 scale mail
rPois   +          Reflect  .   (helmet restricted)
rElec   +          Harm     .   n - +0 cloak
rCorr   +          Rampage  .   (no gloves)
Will    ++...                   E - +4 pair of boots of Noal {rElec rN+ rCorr Slay+2}
Stlth   ..........              (no amulet)
HPRegen 1.23/turn               c - ring of poison resistance
MPRegen 0.11/turn               d - ring of resist corrosion

@: lethally poisoned (0 -> 0), strong-willed, on berserk cooldown, regenerating,
slowed, studying Air Magic, very slow
A: horns 2, retaliatory headbutt
a: Renounce Religion, Berserk, Trog's Hand


You were on level 7 of the Dungeon.
You worshipped Trog.
Trog was most pleased with you.
You visited 1 branch of the dungeon, and saw 7 of its levels.

You collected 314 gold pieces.

Inventory:

Hand Weapons
 a - a +0 hand axe
 p - a +2 quarterstaff of chaos (weapon)
 v - a +6 club
Missiles
 B - 3 throwing nets (quivered)
Armour
 b - a +0 animal skin
 k - a +0 scale mail (worn)
 n - a +0 cloak (worn)
 E - the +4 pair of boots of Noal (worn) {rElec rN+ rCorr Slay+2}
   (You found it on level 5 of the Dungeon)

   Slay:      It affects your accuracy & damage with ranged weapons and melee
   (+2).
   rElec:     It insulates you from electricity.
   rN:        It protects you from negative energy.
   rCorr:     It protects you from acid and corrosion.
Magical Staves
 g - a staff of cold
Jewellery
 c - a ring of poison resistance (left hand)
 d - a ring of resist corrosion (right hand)
 q - a ring of protection from cold
 s - a ring of willpower
 G - a ring of resist corrosion
Wands
 j - a wand of flame (63)
 x - a wand of digging (10)
 y - a wand of acid (9)
 D - a wand of iceblast (5)
Scrolls
 e - 2 scrolls of magic mapping
 h - a scroll of fear
 i - a scroll of vulnerability {unknown}
 r - 2 scrolls of blinking
 w - a scroll of immolation {unknown}
 A - 3 scrolls of fog
 C - 2 scrolls of teleportation {unknown}
 H - a scroll of brand weapon {unknown}
 I - a scroll of identify
Potions
 f - a potion of degeneration
 l - 5 potions of curing
 m - 2 potions of lignification
 o - a potion of cancellation {unknown}
 t - a potion of haste {unknown}
 u - a potion of flight {unknown}
 z - a potion of mutation {unknown}
 F - a potion of brilliance {unknown}


   Skills:
 + Level 6.9 Fighting
 + Level 6.3 Axes
 + Level 8.6 Staves
 + Level 7.8 Armour
 + Level 4.7 Dodging
 + Level 1.5 Stealth


You had 8 spell levels left.
You didn't know any spells.
Your spell library contained the following spells:

 Spells                   Type           Power      Damage    Failure   Level
 Sting                    Tmut/Pois      0%         1d3       75%         1
 Poisonous Vapours        Pois/Air       0%         N/A       86%         2
 Confusing Touch          Hex            0%         N/A       98%         3
 Olgreb's Toxic Radiance  Pois           0%         N/A       100%        4
 Summon Forest            Summ/Tloc      0%         N/A       100%        5
 Yara's Violent Unravell  Hex/Tmut       0%         3d3       100%        5
 Eringya's Noxious Bog    Tmut/Pois      0%         N/A       100%        6
 Enfeeble                 Hex            0%         N/A       100%        7
 Summon Hydra             Summ           0%         N/A       100%        7


Dungeon Overview and Level Annotations

Branches:
Dungeon (7/15)             Temple (0/1) D:5

Altars:
Hepliaklqana
Makhleb
Ru
Vehumet
Wu Jian
Xom

Shops:
D:2 (


Innate Abilities, Weirdness & Mutations

You have a pair of horns on your head.
You reflexively headbutt those who attack you in melee.


Message History

You furiously retaliate!
You headbutt the orc!
You kill the orc!
Trog accepts your kill. The orc closely misses you. You furiously retaliate!
You headbutt the orc.
Things that are here:
a +0 trident; a +0 chain mail You feel a strong urge to attack something.
You feel sick. The wyvern barely misses you.
Things that are here:
a +0 dagger; a +0 leather armour; an orc corpse You bludgeon the howler monkey zombie!!
You burn the howler monkey zombie.
The howler monkey zombie is almost destroyed.
You feel sick.
The howler monkey zombie hits you but does no damage.
The orc closely misses you. You furiously retaliate!
You headbutt the orc.
You kill the orc!
Trog accepts your kill. The wyvern bites you!
* * * LOW HITPOINT WARNING * * *
You bludgeon the howler monkey zombie!! You burn the howler monkey zombie.
You destroy the howler monkey zombie!
Trog accepts your kill.
You feel sick. The orc hits you but does no damage. The wyvern bites you.
* * * LOW HITPOINT WARNING * * *
You are no longer berserk.
You are exhausted.
You feel yourself slow down.
You feel sick. The orc hits you but does no damage.
You sock the wyvern! You burn the wyvern.
The wyvern is moderately wounded.
You feel very sick. The wyvern barely misses you.
The wyvern bites you but does no damage.
The orc barely misses you. You furiously retaliate!
You headbutt the orc. The wyvern completely misses you.
You furiously retaliate!
You headbutt the wyvern, but do no damage.
You hit the wyvern but do no damage.
The wyvern is poisoned.
The wyvern is moderately wounded.
You feel sick. The wyvern bites you!
You die...

##### ###...#
##)o).<#
#l@)###.)#
#.......#....##
............##
..........#.#
........#####
........#
.......##
.......


You could see a wyvern (very poisoned) and an orc.

Vanquished Creatures
  Sigmund (D:2)
  A water moccasin (D:6)
  2 sky beasts
  2 orc warriors
  2 ogres
  2 black bears (D:4)
  4 necrophages
  A bullfrog (D:6)
  3 scorpions
  The ghost of trckry the Conjurer, a weakling DrCj of Ignis (D:4)
  2 howler monkeys
  A centaur zombie (D:6)
  5 hounds
  A centaur skeleton (D:6)
  2 orc priests
  Crazy Yiuf (D:2)
  Jessica (D:3)
  Ijyb (D:5)
  4 iguanas
  2 orc wizards
  A statue (D:3)
  A howler monkey zombie (D:7)
  Robin (D:2)
  3 gnolls (D:4)
  5 adders
  An adder skeleton (D:4)
  A worm (D:2)
  3 dart slugs
  9 orcs
  3 bats
  5 endoplasms
  3 giant cockroaches
  21 goblins
  6 hobgoblins
  2 jackals (D:2)
  6 quokkas
  10 ball pythons
  3 frilled lizards
  4 kobolds
  6 rats (D:1)
133 creatures vanquished.

Notes
Turn   | Place    | Note
-------+----------+-------------------------------------------
     0 | D:1      | cbfl8 the Minotaur Berserker began the quest for the Orb.
     0 | D:1      | Reached XP level 1. HP: 19/19 MP: 0/0
   201 | D:1      | Found a faded altar of an unknown god.
   253 | D:1      | Reached XP level 2. HP: 26/27 MP: 1/1
  1194 | D:2      | Reached XP level 3. HP: 33/33 MP: 2/2
  1647 | D:2      | Reached XP level 4. HP: 37/41 MP: 3/3
  1985 | D:2      | Reached ** piety under Trog
  1991 | D:2      | Noticed Robin
  1998 | D:2      | Reached skill level 5 in Axes
  2003 | D:2      | Killed Robin
  2057 | D:2      | Noticed Sigmund
  2078 | D:2      | Killed Sigmund
  2079 | D:2      | Reached skill level 5 in Fighting
  2079 | D:2      | Reached XP level 5. HP: 24/48 MP: 4/4
  2079 | D:2      | Reached XP level 6. HP: 28/56 MP: 5/5
  2241 | D:2      | You fall into a shaft and drop 1 floor!
  2328 | D:3      | Found a hazy altar of Hepliaklqana.
  2428 | D:2      | Found Emomn's Weapon Boutique.
  2609 | D:2      | Found a runed translucent door.
  2610 | D:2      | Noticed Crazy Yiuf
  2621 | D:2      | Killed Crazy Yiuf
  3165 | D:3      | Found a sacrificial altar of Ru.
  3537 | D:3      | Found a radiant altar of Vehumet.
  3885 | D:3      | Noticed Jessica
  3891 | D:3      | Killed Jessica
  3899 | D:3      | Reached skill level 1 in Staves
  4405 | D:3      | Found an ornate altar of the Wu Jian Council.
  4501 | D:4      | Reached skill level 1 in Stealth
  4513 | D:4      | Reached skill level 2 in Staves
  4513 | D:4      | Reached XP level 7. HP: 33/61 MP: 6/6
  4750 | D:4      | Reached skill level 3 in Staves
  5002 | D:4      | Reached *** piety under Trog
  5095 | D:4      | Reached skill level 5 in Armour
  5319 | D:4      | Reached skill level 4 in Staves
  5584 | D:4      | Found a runed translucent gate.
  5584 | D:4      | Found a runed translucent gate.
  5584 | D:4      | Found a runed translucent gate.
  5585 | D:4      | Noticed trckry's ghost (weakling DrCj)
  5824 | D:4      | Killed trckry's ghost
  5825 | D:4      | Reached XP level 8. HP: 31/70 MP: 7/7
  6036 | D:5      | Entered Level 5 of the Dungeon
  6048 | D:5      | Noticed Ijyb
  6060 | D:5      | Killed Ijyb
  6061 | D:5      | Reached skill level 5 in Staves
  6481 | D:5      | Found a burning altar of Makhleb.
  6501 | D:5      | Found a shimmering altar of Xom.
  6504 | D:5      | Found a snail-covered altar of Cheibriados.
  6504 | D:5      | Found a bloodstained altar of Trog.
  6506 | D:5      | Found an iron altar of Okawaru.
  6506 | D:5      | Found a white marble altar of Elyvilon.
  6506 | D:5      | Found a sacrificial altar of Ru.
  6654 | D:5      | Identified the +4 pair of boots of Noal {rElec rN+ rCorr
                  | Slay+2}
  6703 | D:5      | Reached skill level 6 in Staves
  7147 | D:5      | Found a staircase to the Ecumenical Temple.
  7400 | D:6      | Reached skill level 7 in Staves
  7587 | D:6      | Reached XP level 9. HP: 78/78 MP: 8/8
  7737 | D:6      | Reached skill level 8 in Staves
  8036 | D:7      | Slain by a wyvern

Illustrated notes

Levels and vault maps discovered:
D:1:      dpeg_arrival_more_subterranean_lakeside_camping, layout_rooms,
          basic_ecumenical_altar, serial_co_window_serial, co_window_paths_a,
          co_window_corner_a, co_window_paths_a, co_window_cross_1,
          co_window_paths_b, co_window_of_opportunity_a, co_window_corner_a,
          co_window_of_opportunity_c, co_window_of_opportunity_b,
          co_window_corner_b, co_window_corner_b, co_window_corner_b,
          glass_columns_a, glass_columns_a, glass_columns_b
D:2:      layout_basic, serial_shops, nicolae_shop_bloodbath_and_beyond,
          minmay_misc_feat_plants, minmay_split_cup_large, uniq_robin,
          uniq_crazy_yiuf_cottage, uniq_sigmund
D:3:      layout_basic, lemuel_coloured_pillars_altar, vehumet_statue,
          mainiacjoe_overflow_chevrons, mainiacjoe_overflow_small_starburst,
          uniq_jessica
D:4:      layout_loops_ring, ebering_ghost_rock_garden, serial_co_window_serial,
          co_window_corner_a, co_window_corner_a, co_window_corner_a,
          co_window_paths_a, co_window_of_opportunity_a,
          co_window_unsneaky_path_c, co_window_unsneaky_path_b,
          co_window_of_opportunity_b, glass_columns_a, glass_columns_a,
          glass_columns_c
D:5:      layout_loops_ring, kennysheep_mini, doesnt_xom_only_xom, temple_hall,
          minivault_11, uniq_ijyb
D:6:      layout_loops_ring
D:7:      layout_cave_pools, amcnicky_altar_gilded,
          mainiacjoe_overflow_concentric_impassable, uniq_harold

Skill      XL: |  1  2  3  4  5  6  7  8  9 |
---------------+----------------------------+-----
Fighting       | 4 5 6 |  6.9
Axes           | 4 5 6 |  6.3
Dodging        | 3 4 |  4.7
Armour         | 3 4 5 7 |  7.8
Staves         | 2 4 7 8 |  8.6
Stealth        | 1 |  1.5

Action                   |  1- 3 |  4- 6 |  7- 9 || total
-------------------------+-------+-------+-------++-------
Melee: Hand axe          |    67 |    65 |       ||   132
       Headbutt          |     6 |    16 |    32 ||    54
       Punch             |     2 |     2 |       ||     4
       Quarterstaff      |       |    50 |   162 ||   212
Invok: Berserk           |       |     1 |     1 ||     2
       Trog's Hand       |       |       |     1 ||     1
  Use: Potion            |       |     1 |       ||     1
       Scroll            |       |       |     6 ||     6
 Stab: Distracted        |       |       |     1 ||     1
Armor: Animal skin       |    18 |       |       ||    18
       Scale mail        |       |    66 |    77 ||   143
Dodge: Dodged            |    44 |    81 |    83 ||   208
